 Dungeon Crawl Stone Soup version 0.25.1-2-g60ff931df9 (webtiles) character file.

Game seed: 10580005721036590075

161 raphialitos the Conjurer (level 5, -6/28 HPs)
             Began as a Deep Elf Conjurer on Nov 5, 2020.
             Mangled by a scorpion (8 damage)
             ... on level 4 of the Dungeon.
             The game lasted 00:11:01 (2518 turns).

raphialitos the Conjurer (Deep Elf Conjurer)        Turns: 2518, Time: 00:11:03

Health: -6/28      AC:  3    Str:  5    XL:     5   Next: 19%
Magic:  1/12       EV: 13    Int: 21    God:
Gold:   96         SH:  0    Dex: 15    Spells: 1/11 levels left

rFire    . . .     SeeInvis .   u - +2 whip (venom)
rCold    . . .     Gourm    .   (no shield)
rNeg     . . .     Faith    .   a - +0 robe
rPois    .         Spirit   .   (no helmet)
rElec    .         Reflect  .   f - scarf {repulsion}
rCorr    .         Harm     .   (no gloves)
MR       +....                  o - +0 pair of boots
Stlth    +++.......             b - amulet of magic regeneration
HPRegen  0.09/turn              h - ring of protection from magic
MPRegen  0.38/turn              (no ring)

@: about to teleport, repel missiles
A: no striking features
a: no special abilities


You were on level 4 of the Dungeon.
You were not hungry.

You visited 1 branch of the dungeon, and saw 4 of its levels.

You collected 96 gold pieces.

Inventory:

Hand Weapons
 l - a +2 dagger
 u - a +2 whip of venom (weapon)
Missiles
 e - 53 stones
 m - 16 poisoned darts (quivered)
 r - 8 boomerangs
 s - 21 sling bullets
 t - 4 arrows
Armour
 a - a +0 robe (worn)
 f - a scarf of repulsion (worn)
 o - a +0 pair of boots (worn)
Jewellery
 b - an amulet of magic regeneration (around neck)
 h - a ring of protection from magic (left hand)
Scrolls
 n - a scroll of teleportation
Potions
 d - a potion of degeneration {unknown}
 g - 2 potions of curing {unknown}
 i - a potion of lignification {unknown}
 k - a potion of heal wounds {unknown}
 p - a potion of resistance {unknown}
 q - a potion of haste {unknown}
Comestibles
 c - 4 rations


   Skills:
 + Level 0.1 Short Blades
 + Level 2.8 Dodging
 + Level 4.1 Stealth
 + Level 3.8 Spellcasting
 + Level 6.0 Conjurations


You had one spell level left.
You knew the following spells:

 Your Spells              Type           Power        Failure   Level  Hunger
a - Magic Dart            Conj           ####         1%          1    None
b - Searing Ray           Conj           ####..       1%          2    #......
c - Dazzling Flash        Conj/Hex       ###...       11%         3    ###....
d - Fulminant Prism       Conj/Hex       ###.......   34%         4    ####...

Your spell library contained the following spells:

 Spells                   Type           Power        Failure   Level  Hunger
 Iskenderun's Mystic Bla  Conj/Tloc      ###.....     34%         4    ####...


Dungeon Overview and Level Annotations

Branches:
Dungeon (4/15)
 Temple: D:4-7

Altars:
Qazlal
Ru


Message History

Your Stealth skill increases to level 4!
You have reached level 5!
The centaur skeleton misses you.
Okay, then.
As you read the scroll of teleportation, it crumbles to dust.
You feel strangely unstable.
The centaur skeleton hits you but does no damage.
The scorpion misses you.
Casting: Searing Ray (safe; 1% risk of failure)
Confirm with . or Enter, or press ? or * to list all spells.
Aiming: Searing Ray (safe; 1% risk of failure)
Press: ? - help, Shift-Dir - straight line, f - scorpion
Aim: a scorpion (lightly wounded)
The searing ray hits the scorpion!
The scorpion is heavily wounded. (Press . to maintain the ray.)
The centaur skeleton misses you. The centaur skeleton hits you.
* * * LOW HITPOINT WARNING * * *
The scorpion stings you!
You die...

#....<.....#
#...##.......# .
##.......###
..........
##.......##
###.......###
#............
##.#.......## #
#.....@)...#
....##.Z#s..####
...............#
......#.#).......
......#..........
.♣... %..........
.......#.........
.♣..>............
.....##.........


You could see a scorpion and a centaur skeleton.

Vanquished Creatures
  An orc priest (D:4)
  6 adders
  2 worms (D:3)
  A dart slug (D:1)
  10 orcs
  6 bats
  4 giant cockroaches
  7 goblins
  5 hobgoblins
  4 jackals (D:3)
  4 kobolds
  2 quokkas
  5 frilled lizards
  4 rats
61 creatures vanquished.

Notes
Turn   | Place    | Note
-------+----------+-------------------------------------------
     0 | D:1      | raphialitos the Deep Elf Conjurer began the quest for the
                  | Orb.
     0 | D:1      | Reached XP level 1. HP: 10/10 MP: 6/6
   187 | D:1      | Reached XP level 2. HP: 15/15 MP: 4/8
   434 | D:1      | Reached skill level 5 in Conjurations
   438 | D:1      | Learned a level 2 spell: Searing Ray
   988 | D:2      | Reached XP level 3. HP: 19/19 MP: 5/9
   993 | D:2      | Learned a level 3 spell: Dazzling Flash
  1394 | D:3      | Found a faded altar of an unknown god.
  1595 | D:3      | Reached XP level 4. HP: 24/24 MP: 8/11
  1601 | D:3      | Learned a level 4 spell: Fulminant Prism
  2009 | D:3      | Reached skill level 6 in Conjurations
  2109 | D:3      | Found a stormy altar of Qazlal.
  2411 | D:3      | Found a sacrificial altar of Ru.
  2516 | D:4      | Reached XP level 5. HP: 4/28 MP: 3/12
  2518 | D:4      | Mangled by a scorpion

Illustrated notes

Levels and vault maps discovered:
D:1:      matt_arrival_spirals, layout_rooms
D:2:      layout_rooms
D:3:      layout_basic, marbit_many_paths, nicolae_overflow_hidden_temple,
          chequers_ecumenical_altar_simple_redux
D:4:      layout_rooms, serial_forest, infiniplex_forest_join,
          infiniplex_forest_lined_3_way, infiniplex_forest_lined_corner,
          infiniplex_forest_clump_tiny, first_ration

Skill      XL: |  1  2  3  4 |
---------------+-------------+-----
Conjurations   | 5 6 |  6.0
Stealth        | 4 |  4.1
Short Blades   | |  0.1
Dodging        | |  2.8
Spellcasting   | |  3.8

Action                   |  1- 3 |  4- 6 || total
-------------------------+-------+-------++-------
Melee: Dagger            |     6 |    17 ||    23
       Whip              |       |     6 ||     6
Throw: Dart              |       |     1 ||     1
       Stone             |       |     1 ||     1
 Cast: Magic Dart        |    36 |    23 ||    59
       Searing Ray       |     9 |    13 ||    22
  Use: Scroll            |     4 |     1 ||     5
 Stab: Sleeping          |     2 |     4 ||     6
  Eat: Chunk             |     2 |     3 ||     5
Armor: Robe              |     2 |     6 ||     8
Dodge: Dodged            |    10 |    27 ||    37
